 Dungeon Crawl Stone Soup version 0.28-a0-751-gef3a642a4e (webtiles) character file.

Game seed: 6084417574714475542

17 KoroneIsBestGirl the Firebug (level 2, 0/24 HPs)
             Began as an Ogre Fire Elementalist on Oct 31, 2021.
             Slain by an adder (1 damage)
             ... on level 3 of the Dungeon.
             The game lasted 00:01:17 (523 turns).

KoroneIsBestGirl the Firebug (OgFE)                  Turns: 523, Time: 00:01:18

Health: 0/24       AC:  3    Str: 11    XL:     2   Next: 62%
Magic:  2/5        EV: 10    Int: 16    God:
Gold:   37         SH:  0    Dex:  9    Spells: 5/6 levels left

rFire   . . .      SeeInvis .   (no weapon)
rCold   . . .      Faith    .   (no shield)
rNeg    . . .      Spirit   .   a - +0 robe
rPois   .          Reflect  .   (helmet restricted)
rElec   .          Harm     .   (no cloak)
rCorr   .          Rampage  .   (gloves unavailable)
Will    .....                   (boots unavailable)
Stlth   +.........              (no amulet)
HPRegen 0.08/turn               (no ring)
MPRegen 0.09/turn               (no ring)

@: lethally poisoned (0 -> -2)
A: large, unfitting armour, tough skin 1
a: no special abilities


You were on level 3 of the Dungeon.
You visited 1 branch of the dungeon, and saw 3 of its levels.

You collected 37 gold pieces.

Inventory:

Armour
 a - a +0 robe (worn)
Scrolls
 c - a scroll of identify {unknown}


   Skills:
 + Level 2.0 Dodging
 - Level 1.4 Stealth
 + Level 2.8 Spellcasting
 + Level 1.3 Conjurations
 + Level 2.9 Fire Magic


You had 5 spell levels left.
You knew the following spells:

 Your Spells              Type           Power      Damage    Failure   Level
a - Foxfire               Conj/Fire      36%        2x1d5     9%          1

Your spell library contained the following spells:

 Spells                   Type           Power      Damage    Failure   Level
 Scorch                   Fire           22%        2d6       9%          2
 Conjure Flame            Conj/Fire      9%         6-21      24%         3
 Inner Flame              Hex/Fire       6%         N/A       30%         3
 Flame Wave               Conj/Fire      9%         3d4       63%         4


Dungeon Overview and Level Annotations

Branches:
Dungeon (3/15)

Altars:


Innate Abilities, Weirdness & Mutations

You are too large for most types of armour.
You have tough skin. (AC +1)


Message History

You feel sick.
You feel sick.
You are no longer poisoned.
The adder closely misses you.
A worm comes into view.
Found a stone staircase leading down.
Found a pair of boots.
The adder bites you. The adder bites you.
You are poisoned.
The adder poisons you!
You feel sick.
An adder and a worm come into view.
You feel sick.
There is a stone staircase leading down here.
You feel sick. The adder bites you.
You are lethally poisoned!
The adder poisons you! The adder bites you but does no damage.
You climb downwards.
* * * LOW HITPOINT WARNING * * *
You feel sick.
There is a stone staircase leading up here.
Unknown command.
You hit the adder but do no damage.
The adder is heavily wounded.
* * * LOW HITPOINT WARNING * * *
You feel sick. The adder completely misses you.
You closely miss the adder.
The adder is heavily wounded.
* * * LOW HITPOINT WARNING * * *
You feel sick. The adder closely misses you.
You closely miss the adder.
The adder is heavily wounded.
* * * LOW HITPOINT WARNING * * *
You feel sick. The adder closely misses you.
The adder bites you but does no damage.
You hit the adder.
The adder is severely wounded.
* * * LOW HITPOINT WARNING * * *
You feel sick. The adder bites you.
You die...

###
#@#
#S#
#.#
#.#
#.#
...
###


You could see an adder.

Vanquished Creatures
  A gnoll (D:1)
  A giant cockroach (D:1)
  A goblin (D:1)
  2 hobgoblins (D:1)
  A ball python (D:1)
  A frilled lizard (D:1)
  A rat (D:1)
8 creatures vanquished.

Vanquished Creatures (others)
  50 foxfires
50 creatures vanquished.

Grand Total: 58 creatures vanquished

Notes
Turn   | Place    | Note
-------+----------+-------------------------------------------
     0 | D:1      | KoroneIsBestGirl the Ogre Fire Elementalist began the quest
                  | for the Orb.
     0 | D:1      | Reached XP level 1. HP: 16/16 MP: 3/3
   142 | D:1      | Reached skill level 1 in Conjurations
   344 | D:1      | Reached XP level 2. HP: 24/24 MP: 1/5
   487 | D:2      | HP: 1/24 [poisoned by an adder]
   523 | D:3      | HP: 1/24 [poisoned by an adder]
   523 | D:3      | Slain by an adder

Illustrated notes

Levels and vault maps discovered:
D:1:      erik_arrival_blinker_ship, layout_loops_ring
D:2:      layout_loops_cross
D:3:      layout_basic, serial_co_window_serial, co_window_of_opportunity_a,
          co_window_corner_a, co_window_paths_a, co_window_corner_a,
          co_window_corner_a, co_window_of_opportunity_c, co_window_2corner,
          co_window_broadway_b, co_window_corner_cb, co_window_cross_4,
          co_window_corner_b, co_window_2corner, glass_columns_c,
          glass_columns_c, glass_columns_a, st_stairs_1

Skill      XL: |  1  2 |
---------------+-------+-----
Conjurations   | 1 |  1.3
Dodging        | 2 |  2.0
Stealth        | |  1.4
Spellcasting   | |  2.8
Fire Magic     | |  2.9

Action                   || total
-------------------------++-------
Melee: Unarmed           ||    38
 Cast: Foxfire           ||    29
  Use: Potion            ||     2
Armor: Robe              ||    12
Dodge: Dodged            ||    34

Table legend: (Time is in decaauts)
 A = Elapsed time spent in this place.
 B = Non-inter-level travel time spent in this place.
 C = Inter-level travel time spent in this place.
 D = Time resting spent in this place.
 E = Time spent auto-exploring this place.
 F = Levels seen in this place.
 G = Mean time per level.
                   A        B        C        D        E       F      G
               +--------+--------+--------+--------+--------+-----+--------+
         Total |    522 |    522 |      0 |      0 |    380 |   3 |  174.0 |
       Dungeon |    522 |    522 |      0 |      0 |    380 |   3 |  174.0 |
               +--------+--------+--------+--------+--------+-----+--------+

Top non-repeatable levels by time:
     D:1: 471 daAuts
     D:2: 47 daAuts
     D:3: 3 daAuts
